 Dungeon Crawl Stone Soup version 0.21-a0-1-gaf3b9a5 (webtiles) character file.

2 Gorglomux the Insei (level 1, -1/15 HPs)
             Began as a Barachi Transmuter on May 20, 2017.
             Slain by a jackal (3 damage)
             ... on level 1 of the Dungeon.
             The game lasted 00:00:18 (46 turns).

Gorglomux the Insei (Barachi Transmuter)              Turns: 46, Time: 00:00:19

Health: -1/15      AC:  2    Str: 11    XL:     1   Next: 40%
Magic:  3/3        EV: 12    Int: 13    God:
Gold:   4          SH:  0    Dex: 12    Spells: 3/4 levels left

rFire    . . .     SeeInvis .     - Unarmed
rCold    . . .     Gourm    .   (no shield)
rNeg     . . .     Faith    .   b - +0 robe
rPois    .         Spirit   .   (no helmet)
rElec    .         Reflect  .   (no cloak)
rCorr    .         Harm     .   (no gloves)
MR       .....                  (no boots)
Stlth    +.........             (no amulet)
Regen    0.1/turn               (no ring)
MPRegen  0.1/turn               (no ring)

@: slow
A: +LOS, swims, slowness 1, strong legs 1
a: Hop


You were on level 1 of the Dungeon.
You were not hungry.

You visited 1 branch of the dungeon, and saw 1 of its levels.

You collected 4 gold pieces.

Inventory:

Missiles
 a - 12 arrows
Armour
 b - a +0 robe (worn)
Jewellery
 e - an uncursed ring of see invisible {unknown}
   (You found it on level 1 of the Dungeon)
Books
 c - a book of Changes
Comestibles
 d - a bread ration {@e1}
 f - a meat ration {@e2}


   Skills:
 - Level 1.2 Fighting
 - Level 2.1 Dodging
 + Level 3.3 Unarmed Combat
 + Level 2.3 Spellcasting
 * Level 2.2 Transmutations


You had 3 spell levels left.
You knew the following spells:

 Your Spells              Type           Power        Failure   Level  Hunger
a - Beastly Appendage     Tmut           #.....       10%         1    #......


Dungeon Overview and Level Annotations

Branches:
Dungeon (1/15)

Altars:


Innate Abilities, Weirdness & Mutations

Shadows flee at your approach. (+LOS)
You can swim through water.
You cover ground slowly.
You can hop short distances.


Message History

Warning: Cannot find file "HDamage.rc". (~/.crawlrc:9698) Warning: Cannot find file "HDAForceMore.rc". (~/.crawlrc:9701) Warning: Cannot find file "HDAColors.rc". (~/.crawlrc:9704) Warning: Cannot find file "HDAtravel.rc". (~/.crawlrc:9707) Welcome, Gorglomux the Barachi Transmuter.
Will you prevail where others failed? Will you find the Orb of Zot?
Found 4 gold pieces, a meat ration and a gilded ring.
Found a staircase leading out of the dungeon.
You now have 4 gold pieces.
f - a meat ration {@e2}
e - a gilded ring A jackal comes into view.
The jackal barks!
The jackal moves out of view. 2 jackals come into view.
The jackal moves out of view.
The jackal barks!
The jackal closely misses you. The jackal barely misses you.
Your feet morph into talons.
The jackal bites you.
You hit the jackal. The jackal barely misses you. The jackal misses you.
You hit the jackal.
You kill the jackal!
The jackal completely misses you.
You barely miss the jackal.
Your transformation is almost over.
The jackal bites you. The jackal barely misses you.
You barely miss the jackal. Your kick misses the jackal.
The jackal bites you but does no damage.
The jackal closely misses you. x2
You hit the jackal but do no damage. The jackal bites you.
The jackal barely misses you. x2
You barely miss the jackal. Your kick misses the jackal. The jackal bites you.
The jackal closely misses you.
Unknown command.
You barely miss the jackal. You claw the jackal, but do no damage.
The jackal bites you.
The jackal bites you but does no damage.
The jackal bites you.
You hit the jackal. The jackal completely misses you. The jackal bites you.
You are too injured to fight recklessly!
Unknown command.
You are too injured to fight recklessly!
Unknown command.
You are too injured to fight recklessly!
You closely miss the jackal. Your kick misses the jackal.
The jackal closely misses you. The jackal bites you.
The jackal barely misses you.
You hit the jackal.
You kill the jackal!
The jackal bites you.
* * * LOW HITPOINT WARNING * * *
The jackal barely misses you.
Unknown command.
You barely miss the jackal.
Your talons disappear.
The jackal misses you.
You closely miss the jackal. The jackal closely misses you.
You hit the jackal. The jackal closely misses you.
The jackal bites you but does no damage.
You closely miss the jackal. The jackal closely misses you.
You closely miss the jackal. The jackal bites you.
* * * LOW HITPOINT WARNING * * *
You closely miss the jackal. The jackal bites you.
You die...

............#
$...........# #
..........!.# #.
...........###
#..#.#..........
#..#.#........#
............#
#.##.##.......#...
#....h@............
########...........
####### ####.............
#≈≈≈..###...............%
#≈≈≈.....................
#≈≈≈≈...............#....
#≈≈≈≈.............####...
#≈≈≈..............# #+#
#≈≈.≈≈...........##


You could see a jackal.

Vanquished Creatures
  2 jackals (D:1)
2 creatures vanquished.

Notes
Turn   | Place    | Note
-------+----------+-------------------------------------------
     0 | D:1      | Gorglomux the Barachi Transmuter began the quest for the Orb.
     0 | D:1      | Reached XP level 1. HP: 15/15 MP: 3/3
    39 | D:1      | HP: 3/15 [jackal (3)]
    45 | D:1      | HP: 2/15 [jackal (1)]
    46 | D:1      | Slain by a jackal

Vault maps used:
D:1:      nicolae_arrival_washed_ashore

Action                   || total
-------------------------++-------
Melee: Unarmed           ||    16
       Kick              ||     1
 Cast: Beastly Appendage ||     1
Armor: Robe              ||     3
Dodge: Dodged            ||    19

Vault maps used:
D:1:      nicolae_arrival_washed_ashore

Table legend:
 A = Turns spent in this place as a percentage of turns spent in the entire game.
 B = Non-inter-level travel turns spent in this place as a percentage of non-inter-level travel turns spent in the entire game.
 C = Inter-level travel turns spent in this place as a percentage of turns spent in this place.
 D = Turns resting spent in this place as a percentage of non-inter-level travel turns spent in this place.
 E = Turns spent auto-exploring this place as a percentage of non-inter-level travel turns spent in this place.
 F = Non-inter-level travel turns spent in this place divided by the number of levels of this place that you've seen.
                   A       B       C       D       E      F
               +-------+-------+-------+-------+-------+----------------------
         Total | 100.0 | 100.0 |   0.0 |   0.0 |   8.3 |  36.0
       Dungeon | 100.0 | 100.0 |   0.0 |   0.0 |   8.3 |  36.0
               +-------+-------+-------+-------+-------+----------------------

Table legend:
 A = Kills in this place as a percentage of kills in entire the game.
 B = Kills by you in this place as a percentage of kills by you in the entire game.
 C = Kills by friends in this place as a percentage of kills by friends in the entire game.
 D = Other kills in this place as a percentage of other kills in the entire game.
 E = Experience gained in this place as a percentage of experience gained in the entire game.
 F = Experience gained in this place divided by the number of levels of this place that you have seen.
                   A       B       C       D       E      F
               +-------+-------+-------+-------+-------+----------------------
         Total | 100.0 | 100.0 |  -nan |  -nan | 100.0 |   4.0
       Dungeon | 100.0 | 100.0 |  -nan |  -nan | 100.0 |   4.0
               +-------+-------+-------+-------+-------+----------------------
